 Dungeon Crawl Stone Soup version 0.32-a0-612-g1c984fe9d1 (webtiles) character file.

Game seed: 1320315907000680831

69 Maxmaps the Trooper (level 4, -1/31 HPs)
             Began as an Octopode Shapeshifter on Mar 5, 2024.
             Slain by Robin
             ... wielding a +0 trident
              (9 damage)
             ... on level 3 of the Dungeon.
             The game lasted 00:01:44 (1508 turns).

Maxmaps the Trooper (Octopode Shapeshifter)         Turns: 1508, Time: 00:01:44

Health: -1/31      AC:  1    Str: 13    XL:     4   Next: 20%
Magic:  4/4        EV: 13    Int: 14    God:
Gold:   108        SH:  0    Dex: 11    Spells: 3/3 levels left

rFire   . .          .
                       - Unarmed
rCold   . . .        (no shield)
rNeg    . . .        (helmet currently unavailable)
rPois   .            (no amulet)
rElec   .            (no ring)
rCorr   .            (no ring)
SInv    .            (no ring)
Will    .....        (no ring)
Stlth   ++           (no ring)
HPRegen 0.25/turn    (no ring)
MPRegen 0.09/turn    (no ring)
                     (no ring)

%: no passive effects
@: beast-form
A: beast (slay +1), almost no armour, amphibious, 8 rings, camouflage 1,
gelatinous body 1, (nimble swimmer 1), tentacles
a: Begin Untransformation


You were on level 3 of the Dungeon.
You were a hulking beast.
You visited 1 branch of the dungeon, and saw 3 of its levels.

You collected 108 gold pieces.

Inventory:

Jewellery
 e - a ring of protection from cold
Talismans
 b - a beast talisman (active)
 c - a flux talisman
Scrolls
 g - a scroll of noise {unknown}
 i - a scroll of fog {unknown}
 j - 2 scrolls of identify {unknown}
 k - a scroll of torment {unknown}
Potions
 a - 2 potions of lignification
 d - a potion of magic {unknown}
 f - 4 potions of might {unknown}
 h - a potion of curing {unknown}


   Skills:
 - Level 3.1 Fighting
 + Level 3.0 Dodging
 - Level 3.0 Unarmed Combat
 - Level 3.0 Shapeshifting


You had 3 spell levels left.
You didn't know any spells.
Your spell library contained the following spells:

 Spells                   Type           Power      Damage    Failure   Level
 Apportation              Tloc           0%         N/A       28%         1
 Necrotise                Necr           0%         1d4       28%         1
 Sting                    Conj/Alch      0%         1d3       28%         1
 Summon Small Mammal      Summ           0%         N/A       28%         1
 Stone Arrow              Conj/Erth      0%         3d7       65%         3
 Lehudib's Crystal Spear  Conj/Erth      0%         10d2      100%        8
 Animate Armour           Summ/Erth      Unusable   N/A       N/A         4

Dungeon Overview and Level Annotations

Branches:
Dungeon (3/15)

Altars:

Annotations:
D:3 Robin


Innate Abilities, Weirdness & Mutations

You are a hulking beast.
Your limbs bulge with bestial killing power. (Slay +1)
You cannot wear most types of armour.
You are amphibious.
You can wear up to eight rings at the same time.
Your skin changes colour to match your surroundings (Stealth+).
Your rubbery body absorbs attacks. (AC +1, EV +1)
((You are camouflaged when in or above water. (Stealth+)))
You have tentacles for arms and can constrict up to eight enemies at once.


Message History

You tentacle-slap the goblin.
You kill the goblin!
You tentacle-slap the hobgoblin but do no damage.
You grab the hobgoblin. You constrict the hobgoblin.
A gnoll comes into view. It is wielding a +0 club.
The goblin hits you with a +0 club. The hobgoblin hits you.
You release your grip on the hobgoblin.
The goblin hits you with a +0 club. The goblin misses you.
The hobgoblin hits you. Robin closely misses you.
You climb upwards.
There is a stone staircase leading down here.
You tentacle-slap the hobgoblin.
You kill the hobgoblin!
The goblin hits you with a +0 club. The goblin misses you.
Your Dodging skill increases to level 3!
You are too injured to fight recklessly!
You are too injured to fight recklessly!
You closely miss the goblin. You grab the goblin. You squeeze the goblin.
You kill the goblin!
The goblin hits you with a +0 club. The goblin hits you with a +0 club.
You see here a +0 club.
You completely miss the goblin. You grab the goblin.
You tentacle-slap the goblin. You squeeze the goblin.
You kill the goblin!
There is a stone staircase leading down, spattered with blood here.
You start resting.
HP restored.
You climb downwards.
Level annotation: Robin Robin roars a battlecry!
The goblins go into a battle-frenzy!
The goblin misses you. The gnoll hits you with a +0 club!
The goblin hits you with a +0 dagger. The goblin barely misses you.
The gnoll hits you with a +0 club. Robin hits you with a +0 trident!
* * * LOW HITPOINT WARNING * * *
The goblin closely misses you.
There is a stone staircase leading up, spattered with blood here.
Robin hits you with a +0 trident!
You die...
Robin says, "And that's why I'm the boss."

####
##...#
#...gg####
#...gghgg#
#..lgg##.#
.....g# g.
##.#.# g..
# #. .## #
.# #


You could see Robin, 4 gnolls, a hobgoblin (strong), 5 goblins and a frilled
lizard.

Vanquished Creatures
  An adder (D:2)
  A ribbon worm (D:2)
  7 ball pythons
  7 bats
  7 endoplasms
  2 giant cockroaches
  4 hobgoblins
  2 jackals (D:1)
  2 quokkas
  4 frilled lizards
  9 goblins
  3 kobolds
  2 rats (D:1)
51 creatures vanquished.

Notes
Turn   | Place    | Note
-------+----------+-------------------------------------------
     0 | D:1      | Maxmaps the Octopode Shapeshifter began the quest for the
                  | Orb.
     0 | D:1      | Reached XP level 1. HP: 13/13 MP: 1/1
    75 | D:1      | Reached XP level 2. HP: 7/19 MP: 2/2
   328 | D:1      | Reached XP level 3. HP: 25/25 MP: 3/3
  1017 | D:2      | Reached XP level 4. HP: 19/31 MP: 4/4
  1415 | D:3      | Noticed Robin
  1508 | D:3      | Slain by Robin

Illustrated notes

Levels and vault maps discovered:
D:1:      dpeg_arrival_three_same_balls, layout_basic, kennysheep_nondescript
D:2:      layout_loops_ring
D:3:      layout_loops_ring, nicolae_elyvilon_peaceful_grove,
          nicolae_figureground_pulse, uniq_sigmund, uniq_robin

Skill      XL: |  1  2  3  4 |
---------------+-------------+-----
Fighting       | 2 3 |  3.1
Dodging        | 3 |  3.0
Unarmed Combat | |  3.0
Shapeshifting  | |  3.0

Action                     |  1- 3 |  4- 6 || total
---------------------------+-------+-------++-------
  Melee: Unarmed           |    66 |    14 ||    80
         Tentacles         |    10 |     4 ||    14
         Constrict         |    13 |     4 ||    17
         Punch             |       |     1 ||     1
   Stab: Sleeping          |    14 |       ||    14
 Armour: Skin              |    24 |    15 ||    39
  Dodge: Dodged            |    30 |    10 ||    40

Table legend: (Time is in decaauts)
 A = Elapsed time spent in this place.
 B = Non-inter-level travel time spent in this place.
 C = Inter-level travel time spent in this place.
 D = Time resting spent in this place.
 E = Time spent auto-exploring this place.
 F = Levels seen in this place.
 G = Mean time per level.
                   A        B        C        D        E       F      G
               +--------+--------+--------+--------+--------+-----+--------+
         Total |   1504 |   1458 |     46 |     81 |   1129 |   3 |  501.3 |
       Dungeon |   1504 |   1458 |     46 |     81 |   1129 |   3 |  501.3 |
               +--------+--------+--------+--------+--------+-----+--------+

Top non-repeatable levels by time:
     D:1: 769 daAuts
     D:2: 730 daAuts
     D:3: 5 daAuts
